| TOP OF THE 1ST |
|
Lynchburg Hillcats batting - Pitching for Raleigh-Durham Capitals : RHP Leo Rico
|
|
Pitching: RHP Leo Rico
|
|
|
Batting: RHB Ronald Lee
|
0-0: Ball 1-0: Ball 2-0: Swinging Strike 2-1: Ball 3-1: Base on Balls
|
|
Batting: RHB Russ Quetti
|
0-0: Ball 1-0: Ball 2-0: Grounds into double play, 4-6-3 (Groundball, 4M, EV 101.3 MPH)
|
|
Batting: RHB William Lajoie
|
0-0: Called Strike 0-1: Called Strike 0-2: Ball 1-2: Strikes out swinging
|
| Top of the 1st over - 0 runs, 0 hits, 0 errors, 0 left on base; Lynchburg 0 - Raleigh-Durham 0 |
| BOTTOM OF THE 1ST |
|
Raleigh-Durham Capitals batting - Pitching for Lynchburg Hillcats : RHP Dave Szymczak
|
|
Pitching: RHP Dave Szymczak
|
|
|
Batting: SHB Horace Ransom
|
0-0: Ball 1-0: Ball 2-0: Fly out, F7 (Flyball, 7LS, EV 83.8 MPH)
|
|
Batting: RHB Mark Miller
|
0-0: SINGLE (Line Drive, 89S, EV 95.0 MPH)
|
|
Batting: RHB James Wahlig
|
0-0: SINGLE (Line Drive, 4D, EV 95.0 MPH) Mark Miller to second Runner from 2nd tries for 3rd, SAFE, throw by CF made to third
|
|
Batting: LHB Clay Smith
|
0-0: Ball 1-0: Foul Ball, location: 2F 1-1: Grounds into double play, 3-6-3 (Groundball, 34, EV 91.3 MPH)
|
| Bottom of the 1st over - 0 runs, 2 hits, 0 errors, 1 left on base; Lynchburg 0 - Raleigh-Durham 0 |
| TOP OF THE 2ND |
|
Lynchburg Hillcats batting - Pitching for Raleigh-Durham Capitals : RHP Leo Rico
|
|
Batting: RHB Richard Witt
|
0-0: Ball 1-0: Called Strike 1-1: Ball 2-1: TRIPLE (Flyball, 89XD, EV 101.9 MPH)
|
|
Batting: RHB Kenneth Tillman
|
0-0: Called Strike 0-1: Foul Ball, location: 2F 0-2: Ball 1-2: SINGLE (Groundball, 4MD, EV 96.3 MPH) Richard Witt scores
|
|
Batting: RHB Curtis Cannedy
|
0-0: Ball 1-0: Ball 2-0: Called Strike 2-1: Ball 3-1: Grounds into double play, 5-4-3 (Groundball, 56S, EV 86.3 MPH)
|
|
Batting: RHB Frederic Wade
|
0-0: Foul Ball, location: 2F 0-1: Foul Ball, location: 2F 0-2: Ball 1-2: Ball 2-2: Ball 3-2: Ground out 4-3 (Groundball, 4, EV 80.6 MPH)
|
| Top of the 2nd over - 1 run, 2 hits, 0 errors, 0 left on base; Lynchburg 1 - Raleigh-Durham 0 |
| BOTTOM OF THE 2ND |
|
Raleigh-Durham Capitals batting - Pitching for Lynchburg Hillcats : RHP Dave Szymczak
|
|
Batting: RHB James Stefanski
|
0-0: Ground out 6-3 (Groundball, 6, EV 108.8 MPH)
|
|
Batting: RHB Kevin MacDonald
|
0-0: Called Strike 0-1: Called Strike 0-2: Strikes out swinging
|
|
Batting: LHB Dermot Moriarty
|
0-0: Ball 1-0: Ball 2-0: Called Strike 2-1: SINGLE (Line Drive, 7S, EV 92.5 MPH)
|
|
Batting: RHB Luis Brito
|
0-0: Swinging Strike 0-1: Swinging Strike 0-2: Ball 1-2: Foul Ball, location: 2F 1-2: Fielders Choice at 2nd, 6-4 (Groundball, 56, EV 98.8 MPH)
|
| Bottom of the 2nd over - 0 runs, 1 hit, 0 errors, 1 left on base; Lynchburg 1 - Raleigh-Durham 0 |
| TOP OF THE 3RD |
|
Lynchburg Hillcats batting - Pitching for Raleigh-Durham Capitals : RHP Leo Rico
|
|
Batting: LHB Eb MacDonald
|
0-0: Fly out, F8 (Flyball, 89D, EV 94.4 MPH)
|
|
Batting: RHB Felix Estrada
|
0-0: Foul Ball, location: 2F 0-1: Called Strike 0-2: Ball 1-2: Foul Ball, location: 2F 1-2: Ball 2-2: Foul Ball, location: 2F 2-2: Ground out 6-3 (Groundball, 6S, EV 88.8 MPH)
|
|
Batting: RHB Ronald Lee
|
0-0: Foul Ball, location: 2F 0-1: Ball 1-1: Ball 2-1: Foul Ball, location: 2F 2-2: Fly out, F9 (Flyball, 89M, EV 94.4 MPH)
|
| Top of the 3rd over - 0 runs, 0 hits, 0 errors, 0 left on base; Lynchburg 1 - Raleigh-Durham 0 |
| BOTTOM OF THE 3RD |
|
Raleigh-Durham Capitals batting - Pitching for Lynchburg Hillcats : RHP Dave Szymczak
|
|
Batting: RHB Marshall Burk
|
0-0: Ball 1-0: Ball 2-0: Called Strike 2-1: Ball 3-1: Fly out, F7 (Line Drive, 7D, EV 101.3 MPH)
|
|
Batting: SHB Horace Ransom
|
0-0: Ball 1-0: Ball 2-0: Ball 3-0: Base on Balls
|
|
Batting: RHB Mark Miller
|
0-0: Fielders Choice at 2nd, 4-6 (Groundball, 4, EV 85.0 MPH)
|
|
Batting: RHB James Wahlig
|
0-0: Ball 1-0: Ball 2-0: Ground out 5-3 (Groundball, 56, EV 94.4 MPH)
|
| Bottom of the 3rd over - 0 runs, 0 hits, 0 errors, 1 left on base; Lynchburg 1 - Raleigh-Durham 0 |
| TOP OF THE 4TH |
|
Lynchburg Hillcats batting - Pitching for Raleigh-Durham Capitals : RHP Leo Rico
|
|
Batting: RHB Russ Quetti
|
0-0: Called Strike 0-1: Foul Ball, location: 2F 0-2: Ball 1-2: Fly out, F8 (Flyball, 8RM, EV 95.0 MPH)
|
|
Batting: RHB William Lajoie
|
0-0: Ball 1-0: Called Strike 1-1: Ball 2-1: Ball 3-1: Base on Balls
|
|
Batting: RHB Richard Witt
|
0-0: Called Strike 0-1: Ball 1-1: Ball 2-1: Swinging Strike 2-2: Foul Ball, location: 2F 2-2: Foul Ball, location: 2F 2-2: 2-RUN HOME RUN (Flyball, 78XD, EV 95.0 MPH), Distance : 408 ft
|
|
Batting: RHB Kenneth Tillman
|
0-0: Ball 1-0: Ball 2-0: Called Strike 2-1: Ball 3-1: Reached on error, E6 (Groundball, 6MS, EV 81.9 MPH)
|
|
Batting: RHB Curtis Cannedy
|
0-0: Foul Ball, location: 2F 0-1: Ball Kenneth Tillman steals 2nd base (no throw) 1-1: SINGLE (Line Drive, 89M, EV 102.5 MPH) Kenneth Tillman to third Runner from 3rd tries for Home, SAFE, throw by CF to home
|
|
Batting: RHB Frederic Wade
|
0-0: Ball 1-0: Foul Ball, location: 2F 1-1: Ball 2-1: Called Strike 2-2: Ball 3-2: Foul Ball, location: 2F 3-2: SINGLE (Groundball, 4MD, EV 105.0 MPH) Curtis Cannedy to second
|
|
Batting: LHB Eb MacDonald
|
0-0: Ball 1-0: SINGLE (Groundball, 56D, EV 106.3 MPH) Curtis Cannedy to third Frederic Wade to second
|
|
Batting: RHB Felix Estrada
|
0-0: Grounds into double play, 4-6-3 (Groundball, 4, EV 85.6 MPH)
|
| Top of the 4th over - 3 runs, 4 hits, 1 error, 2 left on base; Lynchburg 4 - Raleigh-Durham 0 |
| BOTTOM OF THE 4TH |
|
Raleigh-Durham Capitals batting - Pitching for Lynchburg Hillcats : RHP Dave Szymczak
|
|
Batting: LHB Clay Smith
|
0-0: Swinging Strike 0-1: Ball 1-1: Fly out, F8 (Flyball, 8RXD, EV 96.9 MPH)
|
|
Batting: RHB James Stefanski
|
0-0: Foul Ball, location: 2F 0-1: Ball 1-1: Fly out, F8 (Flyball, 8RD, EV 76.3 MPH)
|
|
Batting: RHB Kevin MacDonald
|
0-0: Called Strike 0-1: Ball 1-1: Ball 2-1: Ball 3-1: Called Strike 3-2: Foul Ball, location: 2F 3-2: Foul Ball, location: 2F 3-2: Foul Ball, location: 2F 3-2: Ground out 6-3 (Groundball, 6, EV 96.3 MPH)
|
| Bottom of the 4th over - 0 runs, 0 hits, 0 errors, 0 left on base; Lynchburg 4 - Raleigh-Durham 0 |
| TOP OF THE 5TH |
|
Lynchburg Hillcats batting - Pitching for Raleigh-Durham Capitals : RHP Leo Rico
|
|
Batting: RHB Ronald Lee
|
0-0: Ball 1-0: Ground out 3-1 (Groundball, 23, EV 90.6 MPH)
|
|
Batting: RHB Russ Quetti
|
0-0: Ball 1-0: Ball 2-0: Ball 3-0: Base on Balls
|
|
Batting: RHB William Lajoie
|
0-0: Called Strike 0-1: Fly out, F7 (Flyball, 7LD, EV 95.0 MPH)
|
|
Batting: RHB Richard Witt
|
0-0: Ball 1-0: Fielders Choice at 2nd, 5-4 (Groundball, 56, EV 83.1 MPH)
|
| Top of the 5th over - 0 runs, 0 hits, 0 errors, 1 left on base; Lynchburg 4 - Raleigh-Durham 0 |
| BOTTOM OF THE 5TH |
|
Raleigh-Durham Capitals batting - Pitching for Lynchburg Hillcats : RHP Dave Szymczak
|
|
Batting: LHB Dermot Moriarty
|
0-0: SINGLE (Line Drive, 56, EV 98.1 MPH)
|
|
Batting: RHB Luis Brito
|
0-0: Ball 1-0: Ball 2-0: Foul Ball, location: 2F 2-1: Ball 3-1: Base on Balls Dermot Moriarty to second
|
|
Batting: RHB Marshall Burk
|
0-0: Ball 1-0: Ball 2-0: Ball 3-0: Called Strike 3-1: Base on Balls Dermot Moriarty to third Luis Brito to second
|
|
Batting: SHB Horace Ransom
|
0-0: Ball 1-0: Foul Ball, location: 2F 1-1: Foul Ball, location: 2F 1-2: Fly out, F8 (Flyball, 8LS, EV 90.6 MPH)
|
|
Batting: RHB Mark Miller
|
0-0: Called Strike 0-1: Called Strike 0-2: Ball 1-2: Ball 2-2: Foul Ball, location: 2F 2-2: Foul Ball, location: 2F 2-2: Fly out, F8 (Flyball, 89D, EV 98.8 MPH) Runner from 3rd tags up, SCORES, throw by CF Luis Brito to third
|
|
Batting: RHB James Wahlig
|
0-0: Ball 1-0: Called Strike 1-1: Foul Ball, location: 2F 1-2: Ball 2-2: Ball 3-2: Strikes out swinging
|
| Bottom of the 5th over - 1 run, 1 hit, 0 errors, 2 left on base; Lynchburg 4 - Raleigh-Durham 1 |
| TOP OF THE 6TH |
|
Lynchburg Hillcats batting - Pitching for Raleigh-Durham Capitals : RHP Leo Rico
|
|
Batting: RHB Kenneth Tillman
|
0-0: Called Strike 0-1: Swinging Strike 0-2: Ball 1-2: Strikes out looking
|
|
Batting: RHB Curtis Cannedy
|
0-0: Ball 1-0: SINGLE (Flyball, 78S, EV 91.3 MPH)
|
|
Batting: RHB Frederic Wade
|
0-0: Ball 1-0: Foul Ball, location: 2F 1-1: Called Strike 1-2: Ball 2-2: Ball 3-2: Base on Balls Curtis Cannedy to second
|
|
Batting: LHB Eb MacDonald
|
0-0: Called Strike 0-1: Ball 1-1: SINGLE (Groundball, 4MD, EV 105.0 MPH) Curtis Cannedy to third Frederic Wade to second Runner from 3rd tries for Home, SAFE, throw by CF to home
|
|
Batting: RHB Felix Estrada
|
0-0: SINGLE (Groundball, 56D, EV 94.4 MPH) Frederic Wade to third Eb MacDonald to second
|
|
Batting: RHB Ronald Lee
|
0-0: Called Strike 0-1: Foul Ball, location: 2F 0-2: Ball 1-2: Foul Ball, location: 2F 1-2: SINGLE (Line Drive, 89S, EV 95.6 MPH) Frederic Wade scores Eb MacDonald to third Felix Estrada to second Runner from 3rd tries for Home, SAFE, throw by RF to home
|
|
Pitching: LHP Augie Ruiz
|
|
|
Batting: RHB Russ Quetti
|
0-0: Swinging Strike 0-1: Ball 1-1: Foul Ball, location: 2F 1-2: SINGLE (Groundball, 6D, EV 95.0 MPH) Felix Estrada to third Ronald Lee to second Runner from 3rd tries for Home, SAFE, throw by CF to home
|
|
Batting: RHB William Lajoie
|
0-0: Ball 1-0: Ball 2-0: Ball 3-0: Called Strike 3-1: Foul Ball, location: 2F 3-2: Base on Balls Ronald Lee to third Russ Quetti to second
|
|
Batting: RHB Richard Witt
|
0-0: Called Strike 0-1: Foul Ball, location: 2F 0-2: Ball 1-2: Grounds into double play, 6-4-3 (Groundball, 6, EV 84.4 MPH)
|
| Top of the 6th over - 4 runs, 5 hits, 0 errors, 2 left on base; Lynchburg 8 - Raleigh-Durham 1 |
| BOTTOM OF THE 6TH |
|
Raleigh-Durham Capitals batting - Pitching for Lynchburg Hillcats : RHP Dave Szymczak
|
|
Batting: LHB Clay Smith
|
0-0: Foul Ball, location: 2F 0-1: Ball 1-1: Called Strike 1-2: Fly out, F7 (Flyball, 7D, EV 101.3 MPH)
|
|
Batting: RHB James Stefanski
|
0-0: Reached on error, E6 (Groundball, 6M, EV 101.3 MPH)
|
|
Batting: RHB Kevin MacDonald
|
0-0: Called Strike 0-1: Fly out, F9 (Flyball, 9S, EV 95.6 MPH)
|
|
Batting: LHB Dermot Moriarty
|
0-0: Foul Ball, location: 2F 0-1: DOUBLE (Flyball, 8RXD, EV 94.4 MPH) James Stefanski to third
|
|
Batting: RHB Luis Brito
|
0-0: Single, Error in OF, E7, batter to second base (Groundball, 56D, EV 100.6 MPH) James Stefanski scores Dermot Moriarty scores
|
|
Batting: RHB Marshall Burk
|
0-0: Called Strike 0-1: Reached on error, E5 (Popup, 56, EV 60.0 MPH) Luis Brito to third
|
|
Batting: SHB Horace Ransom
|
0-0: Swinging Strike 0-1: Ground out 5-3 (Groundball, 56, EV 85.0 MPH)
|
| Bottom of the 6th over - 2 runs, 2 hits, 3 errors, 2 left on base; Lynchburg 8 - Raleigh-Durham 3 |
| TOP OF THE 7TH |
|
Lynchburg Hillcats batting - Pitching for Raleigh-Durham Capitals : LHP Augie Ruiz
|
|
Batting: RHB Kenneth Tillman
|
0-0: Called Strike 0-1: Foul Ball, location: 2F 0-2: Strikes out looking
|
|
Batting: RHB Curtis Cannedy
|
0-0: Called Strike 0-1: Called Strike 0-2: Strikes out swinging
|
|
Batting: RHB Frederic Wade
|
0-0: Called Strike 0-1: Ball 1-1: Fly out, F8 (Flyball, 8RM, EV 96.3 MPH)
|
| Top of the 7th over - 0 runs, 0 hits, 0 errors, 0 left on base; Lynchburg 8 - Raleigh-Durham 3 |
| BOTTOM OF THE 7TH |
|
Raleigh-Durham Capitals batting - Pitching for Lynchburg Hillcats : RHP Dave Szymczak
|
|
Batting: RHB Mark Miller
|
0-0: Ball 1-0: Ball 2-0: Called Strike 2-1: Ball 3-1: Foul Ball, location: 2F 3-2: Foul Ball, location: 2F 3-2: Foul Ball, location: 2F 3-2: Base on Balls
|
|
Batting: RHB James Wahlig
|
0-0: Swinging Strike 0-1: SINGLE (Groundball, 4MD, EV 103.8 MPH) Mark Miller to second Runner from 2nd tries for 3rd, SAFE, throw by CF made to third
|
|
Batting: LHB Clay Smith
|
0-0: Ball 1-0: Ball 2-0: Grounds into double play, 4-6-3 (Groundball, 4, EV 88.8 MPH) Mark Miller scores
|
|
Batting: RHB James Stefanski
|
0-0: Ball 1-0: Ball 2-0: Reached on error, E6 (Groundball, 6, EV 85.0 MPH)
|
|
Batting: RHB Kevin MacDonald
|
0-0: Ball 1-0: Ball 2-0: Ball 3-0: Base on Balls James Stefanski to second
|
|
Batting: LHB Dermot Moriarty
|
0-0: Called Strike 0-1: Called Strike 0-2: Fielders Choice at 2nd, 6-4 (Groundball, 6, EV 105.0 MPH)
|
| Bottom of the 7th over - 1 run, 1 hit, 1 error, 2 left on base; Lynchburg 8 - Raleigh-Durham 4 |
| TOP OF THE 8TH |
|
Lynchburg Hillcats batting - Pitching for Raleigh-Durham Capitals : LHP Augie Ruiz
|
|
Batting: LHB Eb MacDonald
|
0-0: Foul Ball, location: 2F 0-1: Fly out, F9 (Flyball, 9LM, EV 85.6 MPH)
|
|
Batting: RHB Felix Estrada
|
0-0: Called Strike 0-1: SINGLE (Line Drive, 5L, EV 98.1 MPH)
|
|
Batting: RHB Ronald Lee
|
0-0: Swinging Strike 0-1: Ball 1-1: Foul Ball, location: 2F 1-2: SINGLE (Line Drive, 34D, EV 94.4 MPH) Felix Estrada to second Runner from 2nd tries for 3rd, SAFE, throw by RF made to third
|
|
Batting: RHB Russ Quetti
|
0-0: Swinging Strike 0-1: Fly out, F7 (Flyball, 7LS, EV 85.0 MPH)
|
|
Batting: RHB William Lajoie
|
0-0: Called Strike 0-1: SINGLE (Groundball, 6MD, EV 96.3 MPH) Felix Estrada scores Ronald Lee to second Runner from 2nd tries for 3rd, SAFE, throw by CF made to third
|
|
Batting: RHB Richard Witt
|
0-0: Ball 1-0: Ball 2-0: Called Strike 2-1: Foul Ball, location: 2F 2-2: Foul Ball, location: 2F 2-2: Ball 3-2: Base on Balls William Lajoie to second
|
|
Batting: RHB Kenneth Tillman
|
0-0: Called Strike 0-1: Fly out, F8 (Flyball, 8RD, EV 106.3 MPH)
|
| Top of the 8th over - 1 run, 3 hits, 0 errors, 3 left on base; Lynchburg 9 - Raleigh-Durham 4 |
| BOTTOM OF THE 8TH |
|
Raleigh-Durham Capitals batting - Pitching for Lynchburg Hillcats : RHP Dave Szymczak
|
|
Batting: RHB Luis Brito
|
0-0: Called Strike 0-1: Foul Ball, location: 2F 0-2: Ground out 4-3 (Groundball, 4MD, EV 98.1 MPH)
|
|
Batting: RHB Marshall Burk
|
0-0: Called Strike 0-1: Ball 1-1: Foul Ball, location: 2F 1-2: Ground out 5-3 (Groundball, 56, EV 85.6 MPH)
|
|
Batting: SHB Horace Ransom
|
0-0: Fly out, F9 (Flyball, 9LM, EV 96.3 MPH)
|
| Bottom of the 8th over - 0 runs, 0 hits, 0 errors, 0 left on base; Lynchburg 9 - Raleigh-Durham 4 |
| TOP OF THE 9TH |
|
Lynchburg Hillcats batting - Pitching for Raleigh-Durham Capitals : LHP Augie Ruiz
|
|
Batting: RHB Curtis Cannedy
|
0-0: Ground out 5-3 (Groundball, 56, EV 96.3 MPH)
|
|
Batting: RHB Frederic Wade
|
0-0: Swinging Strike 0-1: Ball 1-1: Foul Ball, location: 2F 1-2: Ground out U3 (Groundball, 34, EV 91.3 MPH)
|
|
Batting: LHB Eb MacDonald
|
0-0: Ball 1-0: Foul Ball, location: 2F 1-1: Foul Ball, location: 2F 1-2: Strikes out looking
|
| Top of the 9th over - 0 runs, 0 hits, 0 errors, 0 left on base; Lynchburg 9 - Raleigh-Durham 4 |
| BOTTOM OF THE 9TH |
|
Raleigh-Durham Capitals batting - Pitching for Lynchburg Hillcats : RHP Dave Szymczak
|
|
Pitching: RHP Mike Alvarez
|
|
|
Batting: RHB Mark Miller
|
0-0: Reached on error, E6 (Groundball, 4MD, EV 104.4 MPH)
|
|
Batting: RHB James Wahlig
|
0-0: Called Strike 0-1: Ball 1-1: Foul Ball, location: 2F 1-2: Ball 2-2: Strikes out swinging
|
|
Batting: LHB Clay Smith
|
0-0: SINGLE (Line Drive, 7S, EV 105.0 MPH) Mark Miller to third
|
|
Batting: RHB James Stefanski
|
0-0: Ball 1-0: Ball 2-0: Called Strike 2-1: Grounds into double play, 5-4-3 (Groundball, 5, EV 101.3 MPH)
|
| Bottom of the 9th over - 0 runs, 1 hit, 1 error, 1 left on base; Lynchburg 9 - Raleigh-Durham 4 |
|